Map: Seeds of Aiur

Players

Bacchus

  • Race: Zerg Zerg
  • League: Silver
  • Spawn Location: 7:00

HappyFeet

  • Race: Protoss Protoss
  • League: Gold
  • Spawn Location: 7:00

ILIEKEGGPIE - Winner!

  • Race: Protoss Protoss
  • Spawn Location: 1:00

BizMac - Winner!

  • Race: Zerg Zerg
  • Spawn Location: 1:00

VOD

Have the link to the VOD?

Description

Time

  • Played on: March 15, 2018, 10:11 p.m.
  • Length: 17:26
Show
View Real Time Build Order
Export as new Build Order

Bacchus Zerg 

Build Orders: Pool First 

Get SALT Encoding   

  12  0:20  Spawning Pool  
  11  0:24  Extractor  
  11  0:25  Drone  
  11  0:30  Drone  
  12  0:35  Drone  
  13  0:46  Overlord  
  13  0:51  Drone  
  15  1:04  Drone  
  15  1:13  Queen  
  15  1:17  Drone  
  18  1:22  Zergling x2  
  19  1:29  Zergling x2  
  20  1:36  Metabolic Boost  
  20  1:43  Overlord  
  20  1:54  Zergling x2  
  21  2:02  Zergling x2  
  22  2:14  Zergling x2  
  23  2:21  Zergling x6  
  26  2:38  Hatchery  
  25  2:48  Drone x2  
  27  2:53  Overlord  
  27  3:07  Overlord  
  27  3:08  Drone  
  28  3:26  Drone x2  
  30  3:27  Baneling Nest  
  30  3:32  Zergling x2  
  30  3:42  Extractor  
  29  3:50  Zergling x8  
  33  4:00  Spine Crawler  
  32  4:04  Zergling x4  
  34  4:12  Queen  
  36  4:25  Baneling x3  
  36  4:30  Baneling x3  
  34  5:06  Lair  
  34  5:07  Roach Warren  
  34  5:13  Spore Crawler  
  32  5:14  Drone x3  
  34  5:33  Baneling  
  34  5:34  Baneling x4  
  30  6:29  Drone x2  
  30  6:30  Drone x5  
  30  6:31  Drone  
  38  6:38  Spore Crawler  
  36  6:46  Hatchery  
  35  6:57  Roach x2  
  35  6:58  Roach x5  
  35  6:59  Hydralisk Den  
  48  7:02  Drone  
  48  7:07  Extractor  
  48  7:08  Extractor  
  46  7:51  Drone  
  46  7:52  Overlord, Drone x4  
  46  7:53  Overlord  
  46  7:58  Hatchery  
  50  8:08  Overlord  
  50  8:09  Drone  
  51  8:15  Muscular Augments, Hydralisk  
  51  8:16  Hydralisk x2  
  57  8:31  Drone x3  
  60  9:06  Spine Crawler  
  60  9:07  Spine Crawler  
  58  9:12  Roach x3, Spine Crawler  
  58  9:13  Roach x4  
  58  9:15  Drone x2  
  58  9:16  Drone x2  
  75  9:33  Drone, Queen  
  75  9:34  Drone x2  
  75  9:36  Drone  
  75  9:37  Overlord  
  81  9:48  Evolution Chamber  
  81  9:49  Evolution Chamber  
  79  9:57  Glial Reconstitution  
  79  9:59  Grooved Spines  
  79  10:07  Hydralisk x2  
  79  10:08  Hydralisk  
  79  10:10  Overlord  
  85  10:24  Baneling x3  
  85  10:25  Baneling x6  
  85  10:26  Baneling  
  85  10:49  Zergling x2  
  86  10:50  Zergling x6  
  86  10:52  Roach x4  
  97  11:00  Zerg Ground Armor Level 1  
  89  11:21  Burrow  
  89  11:27  Zerg Missile Weapons Level 1  
  89  11:46  Hydralisk  
  89  11:48  Roach x3  
  89  11:49  Overlord x2  
  97  12:05  Centrifical Hooks  
  97  12:08  Roach x5  
  105  12:09  Roach x3  
  83  12:34  Roach  
  83  12:35  Roach x7  
  83  12:36  Roach  
  95  12:54  Spine Crawler  
  95  12:56  Spine Crawler  
  95  12:58  Spine Crawler, Zergling x4  
  92  12:59  Zergling x2  
  92  13:00  Zergling x2  
  96  13:08  Roach  
  98  13:21  Zerg Ground Armor Level 2  
  98  13:36  Spine Crawler  
  98  13:39  Spine Crawler  
  96  13:47  Roach x2  
  96  13:48  Roach  
  102  14:00  Roach  
  102  14:01  Overlord, Roach  
  105  14:20  Ravager x5  
  105  14:21  Ravager x2  
  59  14:46  Roach x5  
  59  14:47  Roach  
  69  15:32  Spine Crawler x2  
  69  15:34  Spine Crawler  
  66  15:42  Roach x4  
  74  15:46  Roach  
  74  15:48  Spine Crawler  
  75  16:11  Roach x4  
  46  16:33  Roach  
  46  16:34  Roach x3  
  46  16:36  Roach  
Show
View Real Time Build Order
Export as new Build Order

HappyFeet Protoss 

Build Orders:  

Get SALT Encoding   

  12  0:01  Probe  
  13  0:13  Probe  
  14  0:20  Pylon  
  14  0:25  Probe  
  15  0:38  Probe (Chrono Boost)  
  15  0:40  Gateway  
  16  0:48  Assimilator  
  17  0:50  Probe (Chrono Boost)  
  17  0:54  Probe (Chrono Boost)  
  18  0:57  Assimilator  
  18  1:04  Probe (Chrono Boost)  
  19  1:15  Probe (Chrono Boost)  
  20  1:20  Probe (Chrono Boost)  
  21  1:30  Cybernetics Core  
  21  1:31  Probe  
  22  1:34  Pylon  
  22  1:43  Probe  
  23  1:55  Probe (Chrono Boost)  
  24  2:07  Probe (Chrono Boost)  
  25  2:08  Stargate  
  25  2:13  Probe (Chrono Boost)  
  26  2:17  Stargate  
  26  2:32  Nexus  
  26  2:35  Assimilator  
  26  2:39  Assimilator  
  26  2:44  Probe  
  27  2:56  Probe  
  28  3:08  Pylon  
  28  3:15  Pylon  
  28  3:22  Pylon  
  28  3:23  Pylon  
  28  3:24  Probe (Chrono Boost)  
  28  3:26  Void Ray  
  34  3:35  Probe (Chrono Boost)  
  34  3:39  Probe (Chrono Boost)  
  30  4:01  Void Ray  
  31  4:07  Probe (Chrono Boost)  
  33  4:18  Probe (Chrono Boost)  
  33  4:22  Probe (Chrono Boost)  
  33  4:26  Void Ray  
  38  4:33  Probe  
  39  4:46  Probe  
  40  5:07  Void Ray  
  38  5:09  Void Ray  
  38  5:45  Probe  
  35  5:54  Void Ray  
  39  5:57  Probe (Chrono Boost)  
  39  5:59  Stargate  
  39  6:01  Pylon  
  39  6:02  Stargate  
  40  6:10  Probe (Chrono Boost)  
  42  6:13  Probe (Chrono Boost)  
  43  6:19  Probe (Chrono Boost)  
  43  6:21  Probe (Chrono Boost)  
  45  6:26  Probe (Chrono Boost)  
  45  6:28  Probe (Chrono Boost)  
  45  6:31  Probe  
  46  6:37  Probe (Chrono Boost)  
  49  6:48  Probe (Chrono Boost)  
  49  6:49  Probe (Chrono Boost)  
  49  6:51  Void Ray  
  52  6:55  Probe (Chrono Boost)  
  52  6:57  Probe (Chrono Boost)  
  48  7:06  Probe (Chrono Boost)  
  48  7:07  Probe (Chrono Boost)  
  48  7:17  Probe (Chrono Boost)  
  48  7:22  Probe (Chrono Boost)  
  50  7:34  Probe  
  51  7:46  Probe  
  51  7:51  Pylon  
  52  7:58  Probe  
  53  8:09  Void Ray  
  53  8:10  Void Ray x2, Probe  
  66  8:12  Protoss Air Weapons Level 1  
  66  8:19  Void Ray  
  70  8:22  Probe  
  71  8:34  Probe  
  66  9:10  Nexus  
  66  9:25  Nexus  
  66  9:27  Pylon  
  66  9:33  Pylon  
  66  9:35  Assimilator  
  66  9:42  Probe (Chrono Boost)  
  67  9:52  Probe (Chrono Boost)  
  65  10:13  Probe (Chrono Boost)  
  63  10:22  Probe (Chrono Boost)  
  65  10:30  Probe (Chrono Boost)  
  65  10:32  Probe (Chrono Boost)  
  66  10:37  Probe (Chrono Boost)  
  67  10:48  Probe  
  68  10:50  Void Ray  
  68  10:51  Void Ray x2  
  80  11:00  Probe  
  77  11:12  Probe  
  79  11:27  Probe (Chrono Boost)  
  79  11:28  Probe (Chrono Boost)  
  80  11:39  Probe (Chrono Boost)  
  82  11:41  Probe (Chrono Boost)  
  82  11:43  Probe (Chrono Boost)  
  83  11:48  Probe  
  83  11:53  Void Ray  
  83  11:54  Void Ray x2, Probe  
  88  11:58  Void Ray  
  88  12:01  Probe  
  103  12:13  Probe  
  98  12:46  Void Ray  
  98  12:47  Void Ray  
  106  12:56  Pylon  
  106  12:58  Pylon  
  106  13:14  Void Ray x2  
  47  14:21  Void Ray  
  47  14:22  Void Ray x2  
  47  14:23  Void Ray  
  63  14:26  Protoss Air Armor Level 1  
  63  15:05  Void Ray x2  
  63  15:06  Void Ray  
  75  15:29  Void Ray  
  79  15:48  Void Ray  
  79  16:05  Void Ray  
Show
View Real Time Build Order
Export as new Build Order

ILIEKEGGPIE Protoss - Winner!

Build Orders: Oracle Opening 

Get SALT Encoding   

  12  0:00  Probe  
  13  0:13  Probe  
  14  0:25  Probe, Pylon  
  15  0:43  Probe (Chrono Boost)  
  15  0:48  Assimilator  
  16  0:53  Assimilator, Probe (Chrono Boost)  
  16  0:56  Gateway  
  17  1:05  Probe  
  18  1:17  Probe  
  19  1:24  Pylon  
  19  1:32  Probe  
  20  1:45  Cybernetics Core, Probe (Chrono Boost)  
  21  1:57  Probe (Chrono Boost)  
  22  2:02  Probe (Chrono Boost)  
  23  2:23  Stargate  
  23  2:24  Warp Gate (Chrono Boost)  
  25  2:35  Gateway  
  25  2:37  Pylon  
  25  2:45  Zealot  
  25  3:05  Gateway, Oracle (Chrono Boost)  
  25  3:07  Gateway  
  28  3:21  Adept  
  28  3:23  Adept  
  32  3:35  Oracle (Chrono Boost)  
  35  3:41  Probe  
  36  4:47  Stalker  
  36  4:51  Pylon  
  38  4:53  Pylon  
  38  5:28  Stalker x3  
  38  5:29  Stalker  
  46  5:44  Oracle (Chrono Boost)  
  49  5:59  Adept x3  
  55  6:51  Nexus  
  55  6:53  Pylon  
  55  6:55  Pylon  
  55  6:57  Assimilator  
  55  7:01  Assimilator  
  55  7:15  Twilight Council  
  55  7:17  Gateway  
  55  7:19  Forge  
  55  7:25  Gateway  
  55  7:27  Gateway  
  55  7:44  Stalker  
  55  7:45  Stalker x2  
  55  7:49  Pylon  
  58  7:56  Oracle (Chrono Boost)  
  61  8:08  Pylon  
  61  8:10  Blink (Chrono Boost)  
  61  8:18  Protoss Ground Weapons Level 1 (Chrono Boost)  
  56  8:52  Probe x2  
  58  9:01  Stalker x2  
  58  9:02  Stalker x5  
  69  9:04  Probe (Chrono Boost)  
  69  9:07  Probe (Chrono Boost)  
  71  9:16  Probe (Chrono Boost)  
  73  9:21  Probe (Chrono Boost)  
  73  9:22  Probe (Chrono Boost), Pylon  
  74  9:50  Probe  
  74  9:51  Probe  
  76  10:03  Probe x2  
  75  10:15  Probe x2  
  77  10:27  Probe x2  
  79  10:39  Pylon  
  79  10:46  Stalker x5  
  87  11:22  Probe  
  87  11:23  Probe  
  89  11:35  Probe x2  
  91  11:44  Nexus  
  92  11:47  Probe x2  
  93  11:54  Pylon  
  93  11:59  Probe  
  94  12:17  Stalker x3  
  94  12:18  Stalker  
  94  12:20  Sentry  
  104  12:33  Pylon  
  102  12:53  Robotics Facility  
  102  12:54  Assimilator  
  102  12:55  Assimilator  
  102  13:04  Stalker x3  
  108  13:12  Protoss Ground Weapons Level 2 (Chrono Boost)  
  108  13:14  Pylon  
  108  13:48  Pylon  
  108  13:50  Pylon  
  108  13:52  Probe  
  108  13:53  Probe  
  110  14:03  Stalker x4  
  110  14:04  Probe  
  117  14:18  Probe x2  
  119  14:26  Gateway  
  119  14:30  Probe x2  
  109  14:44  Stalker x5  
  109  14:45  Stalker x2  
  117  15:08  Dark Shrine  
  117  15:29  Forge  
  117  15:34  Stalker x2  
  117  15:35  Stalker x2  
  124  15:44  Nexus  
  124  15:45  Pylon x2  
  124  15:49  Stalker x2  
  126  15:50  Stalker  
  128  16:20  Assimilator  
  128  16:23  Assimilator  
  128  16:24  Pylon  
  124  16:32  Stalker  
  124  16:33  Stalker x2  
  92  17:14  Stalker x5  
  92  17:15  Stalker x2  
Show
View Real Time Build Order
Export as new Build Order

BizMac Zerg - Winner!

Build Orders: Pool First 

Get SALT Encoding   

  12  0:01  Drone  
  13  0:08  Drone  
  14  0:18  Overlord  
  14  0:36  Drone x3  
  17  0:43  Extractor  
  17  0:48  Spawning Pool  
  15  0:52  Drone  
  16  1:01  Drone  
  17  1:09  Drone  
  18  1:30  Drone  
  19  1:34  Hatchery  
  19  1:38  Queen  
  20  1:45  Metabolic Boost  
  20  1:51  Zergling x2  
  20  1:53  Zergling x2  
  22  2:00  Overlord  
  22  2:24  Zergling x4  
  22  2:28  Queen  
  26  2:53  Overlord  
  26  2:55  Queen  
  26  2:58  Zergling x8  
  29  2:59  Zergling x4  
  29  3:02  Baneling Nest  
  33  3:22  Zergling x4  
  33  3:23  Zergling x8  
  39  4:02  Drone  
  40  4:03  Drone x4  
  40  4:04  Overlord x2  
  40  4:05  Overlord  
  44  4:18  Lair  
  44  4:22  Extractor  
  43  4:26  Evolution Chamber  
  40  4:59  Zergling x12  
  42  5:00  Zergling x8  
  42  5:01  Baneling x6  
  42  5:02  Baneling  
  42  5:04  Drone  
  43  5:07  Drone  
  44  5:24  Drone x6  
  50  5:36  Spore Crawler  
  48  6:12  Drone  
  48  6:13  Drone  
  48  6:14  Drone x8  
  48  6:17  Extractor  
  57  6:18  Extractor  
  55  6:49  Evolution Chamber  
  54  7:00  Hatchery  
  53  7:09  Drone x2  
  44  7:44  Hydralisk Den  
  43  7:49  Spore Crawler, Drone x4  
  46  7:52  Zergling x10  
  46  7:53  Zergling x6  
  46  7:54  Centrifical Hooks  
  46  7:56  Zerg Ground Armor Level 1, Zerg Missile Weapons Level 1  
  54  8:06  Roach Warren  
  54  8:08  Drone x2  
  55  8:17  Drone x2  
  55  8:18  Drone  
  58  8:20  Baneling x4  
  58  8:21  Baneling x6  
  58  8:22  Baneling  
  58  8:23  Hydralisk x5  
  58  8:25  Overlord  
  68  8:37  Drone x2  
  68  8:41  Drone x3  
  73  8:43  Queen  
  73  8:44  Overlord x2  
  75  8:56  Drone x7  
  82  9:06  Grooved Spines  
  82  9:11  Extractor  
  82  9:12  Drone  
  82  9:13  Drone x2, Extractor  
  83  9:20  Hydralisk  
  83  9:21  Hydralisk x2  
  89  9:31  Spine Crawler, Hydralisk x2  
  88  9:32  Spore Crawler, Hydralisk x2  
  88  9:38  Hydralisk  
  95  9:45  Overlord x3  
  97  9:47  Drone  
  97  9:52  Overlord  
  98  10:03  Roach x2  
  98  10:04  Roach  
  98  10:05  Roach x5  
  114  10:07  Glial Reconstitution  
  114  10:17  Muscular Augments  
  114  10:28  Roach x8  
  122  10:30  Overlord x2  
  129  10:50  Hydralisk x6  
  129  10:53  Overlord  
  129  11:14  Hatchery  
  128  11:22  Hydralisk  
  128  11:23  Hydralisk x8  
  146  11:49  Hydralisk x3  
  146  11:51  Overlord x3  
  136  12:41  Hydralisk  
  136  12:42  Hydralisk x5  
  136  12:43  Roach  
  136  12:44  Roach x8, Hydralisk x2  
  170  13:02  Drone  
  170  13:03  Drone x3  
  174  13:19  Hydralisk x4  
  168  13:20  Hydralisk  
  175  13:44  Zerg Ground Armor Level 2, Zerg Missile Weapons Level 2  
  175  13:51  Queen  
  175  13:55  Drone x2, Extractor  
  178  13:56  Drone x5, Extractor  
  168  14:15  Roach, Hydralisk x3  
  168  14:16  Roach x2, Hydralisk x3  
  141  14:42  Hydralisk x7  
  141  14:43  Hydralisk x2  
  151  15:13  Infestation Pit  
  150  15:17  Pneumatized Carapace  
  150  15:21  Roach  
  150  15:22  Roach x11  
  174  15:34  Drone  
  135  16:49  Hydralisk x3  
  135  16:50  Hydralisk x14  
Tags
 
Add a new tag
Caveats
  • Supply blocks, unpowered buildings, or Contaminate may cause inaccurate times.
  • Supply counts are checked every 10 seconds.